AoeStats
← agustinparra1

Arabia

509717770Analyzed
2v2 RM · 5d ago on Sep 27, 2026· 40m 35s· 4 players
Game mode
Random Map
Map size
Medium (4 player)
Population
200
Speed
Normal
Resources
Standard
Victory
Conquest
Starting age
Dark Age
Ending age
Imperial Age
RankedLock teamsTeams togetherTeam positionsShared explorationLock speedFull tech treeHidden civsTurbo modeCheats
Victory
Defeat
🇺🇾 Turks · Uruguay
742
+15
🇺🇾 Spanish · Uruguay
742
+15
🇫🇷 Burgundians · France
754
-16
🇹🇷 Britons · Türkiye
690
-14
KNCD
0:34 Loom
11:02 Feudal Age
17:55 Forging
22:29 Castle Age
21:18 Scale Mail Armor
21:26 Scale Barding Armor
23:15 Wheelbarrow
31:53 Chain Barding Armor
34:45 Iron Casting
36:17 Bloodlines
36:09 Husbandry
40:17 Imperial Age
41:03 Hand Cart
41:47 Plate Barding Armor
42:13 Blast Furnace
agustinparra1
10:21 Feudal Age
11:48 Wheelbarrow
11:06 Double-Bit Axe
11:10 Horse Collar
14:38 Loom
15:55 Town Watch
23:11 Castle Age
22:45 Gold Mining
22:45 Stone Mining
25:18 Hand Cart
33:53 Scale Barding Armor
34:00 Forging
35:10 Fletching
39:35 Bloodlines
41:12 Stone Shaft Mining
herino.martin
12:00 Feudal Age
11:38 Double-Bit Axe
11:41 Horse Collar
12:28 Gold Mining
14:04 Bow Saw
16:05 Heavy Plow
21:32 Stone Mining
22:07 Scale Barding Armor
26:02 Castle Age
26:04 Forging
28:00 Cavalier
28:41 Husbandry
29:07 Pikeman
29:50 Squires
34:23 Elite Skirmisher
38:27 Fletching
38:37 Padded Archer Armor
oguzhannnkaradag
12:06 Feudal Age
13:22 Wheelbarrow
12:35 Double-Bit Axe
12:31 Horse Collar
12:44 Gold Mining
12:45 Stone Mining
13:44 Town Watch
20:44 Castle Age
19:29 Padded Archer Armor
20:20 Fletching
21:42 Hand Cart
21:40 Bow Saw
23:02 Loom
39:32 Gold Shaft Mining
Connection lost

Rejoining the realm…

Still unreachable

The connection could not be restored.

Session expired

The server has moved on; the page needs a fresh start.